 Dungeon Crawl Stone Soup version 0.28.0-45-g0d030f2227 (webtiles) character file.

Game seed: 6904654031113427461

496 pkoi the Insei (level 6, -4/48 HPs)
             Began as a Demigod Gladiator on Apr 7, 2022.
             Slain by a scorpion (8 damage)
             ... on level 4 of the Dungeon.
             The game lasted 00:05:52 (5334 turns).

pkoi the Insei (Demigod Gladiator)                  Turns: 5334, Time: 00:05:53

Health: -4/48      AC:  5    Str: 25    XL:     6   Next: 61%
Magic:  17/17      EV: 13    Int: 10    God:
Gold:   164        SH:  0    Dex: 19    Spells: 5/5 levels left

rFire   . . .      SeeInvis .     - Unarmed
rCold   . . .      Faith    .   (no shield)
rNeg    . . .      Spirit   .   a - +0 leather armour
rPois   .          Reflect  .   b - +0 helmet
rElec   .          Harm     .   h - scarf {+Inv}
rCorr   .          Rampage  .   (no gloves)
Will    .....                   e - +0 pair of boots
Stlth   +.........              (no amulet)
HPRegen 0.16/turn               f - +6 ring of strength
MPRegen 0.15/turn               g - ring of magical power

@: lethally poisoned (-4 -> -12), hasted, very quick
A: high MP 1, forlorn, divine attributes
a: Evoke Invisibility


You were on level 4 of the Dungeon.
You visited 2 branches of the dungeon, and saw 6 of its levels.

You collected 164 gold pieces.

Inventory:

Hand Weapons
 k - a +0 dagger of speed
Missiles
 c - 3 throwing nets
 i - 5 curare-tipped darts
 o - 6 boomerangs (quivered)
Armour
 a - a +0 leather armour (worn)
 b - a +0 helmet (worn)
 e - a +0 pair of boots (worn)
 h - a scarf of invisibility (worn)
Jewellery
 f - a +6 ring of strength (left hand)
 g - a ring of magical power (right hand)
Wands
 d - a wand of digging (4)
Potions
 l - a potion of heal wounds
 m - a potion of magic
 n - a potion of brilliance


   Skills:
 + Level 2.1 Fighting
 - Level 1.7 Throwing
 + Level 3.0 Dodging
 * Level 6.1 Unarmed Combat
 + Level 2.9 Evocations


You had 5 spell levels left.
You didn't know any spells.
Your spell library was empty.

Dungeon Overview and Level Annotations

Branches:
Dungeon (5/15)             Temple (1/1) D:4

Shops:
D:2 [

Annotations:
D:2 Sigmund
D:4 3 runed translucent doors, Iusername's ghost, amateur MiFi; issech's ghost, amateur TrMo


Innate Abilities, Weirdness & Mutations

You have an increased reservoir of magic. (+10% MP)
You shall have no god before yourself.
Your divine heritage dramatically boosts your attributes as you level up.


Message History

* * * LOW HITPOINT WARNING * * *
You are poisoned.
The scorpion poisons you!
You closely miss the scorpion.
The scorpion is moderately wounded.
You feel sick. The scorpion barely misses you.
You closely miss the scorpion.
The scorpion is moderately wounded.
You feel sick. The scorpion stings you!
* * * LOW HITPOINT WARNING * * *
You are lethally poisoned!
The scorpion poisons you!
You punch the scorpion!
The scorpion is severely wounded.
* * * LOW HITPOINT WARNING * * *
You feel very sick. The scorpion closely misses you.
You feel better.
The scorpion stings you but does no damage.
The scorpion misses you.
It was a potion of magic.
Magic courses through your body.
The scorpion stings you but does no damage.
It was a potion of haste.
You feel yourself speed up. The scorpion stings you.
* * * LOW HITPOINT WARNING * * *
You hit the scorpion.
The scorpion is severely wounded.
The scorpion stings you but does no damage.
You closely miss the scorpion.
The scorpion is severely wounded.
You hit the scorpion but do no damage.
The scorpion is severely wounded.
The scorpion stings you.
* * * LOW HITPOINT WARNING * * *
You are lethally poisoned!
The scorpion poisons you!
You hit the scorpion.
The scorpion is severely wounded.
* * * LOW HITPOINT WARNING * * *
You feel sick. The scorpion stings you!
You die...

..##.#####################.##
...#.#............# #.#
...#.#.##########.# #.#
...#.#.##.......#.# #.#
...#.#.##.#####.#.# #.#
...#.#.##.# #...#.# #.#
##.#.#.##.###.###.# #.#
##.#.#.#......###.########.#
........<......s@..........#
####.#........##.###########
⌠.##..........##.#
.W#...........##.#
.W#...........##.#
..+...........##.#
..+....#....#.##.#
..+....##.#.#.##.#
..#...........##.#


You could see a scorpion.

Vanquished Creatures
  A black bear (D:4)
  A scorpion (D:4)
  2 hounds (D:4)
  2 iguanas
  3 orc wizards
  A hound skeleton (D:4)
  2 gnolls (D:5)
  4 adder skeletons
  3 dart slugs (D:1)
  2 worms
  11 orcs
  3 bats
  A bat zombie (D:2)
  4 endoplasms
  8 giant cockroaches
  5 goblins
  3 hobgoblins
  13 jackals
  5 kobolds
  4 quokkas
  9 ball pythons
  2 ball python skeletons (D:2)
  2 frilled lizards (D:1)
  A jackal zombie (D:2)
  2 quokka zombies (D:2)
  6 rats (D:1)
100 creatures vanquished.

Vanquished Creatures (others)
  6 withered plants (D:4)
6 creatures vanquished.

Grand Total: 106 creatures vanquished

Notes
Turn   | Place    | Note
-------+----------+-------------------------------------------
     0 | D:1      | pkoi the Demigod Gladiator began the quest for the Orb.
     0 | D:1      | Reached XP level 1. HP: 17/17 MP: 3/3
    46 | D:1      | Reached skill level 3 in Unarmed Combat
    62 | D:1      | Reached XP level 2. HP: 10/24 MP: 4/4
   820 | D:1      | Reached XP level 3. HP: 27/29 MP: 5/5
   874 | D:1      | Reached skill level 4 in Unarmed Combat
  1397 | D:2      | Found Zoppiyt's Armour Boutique.
  1898 | D:2      | Noticed Sigmund
  2196 | D:3      | Reached skill level 1 in Evocations
  2196 | D:3      | Reached XP level 4. HP: 13/36 MP: 6/6
  3028 | D:4      | Reached skill level 5 in Unarmed Combat
  3028 | D:4      | Reached XP level 5. HP: 34/41 MP: 7/7
  3312 | D:4      | Noticed a +0 short sword
  3312 | D:4      | Noticed a +0 spear
  3312 | D:4      | Noticed a +0 dagger
  3335 | D:4      | Found a staircase to the Ecumenical Temple.
  3437 | Temple   | Entered the Ecumenical Temple
  3923 | D:4      | Found a runed translucent gate.
  3923 | D:4      | Found a runed translucent gate.
  3923 | D:4      | Found a runed translucent gate.
  4044 | D:4      | Noticed Iusername's ghost (amateur MiFi)
  4045 | D:4      | Noticed issech's ghost (amateur TrMo)
  4259 | D:4      | Reached XP level 6. HP: 41/48 MP: 8/8
  4303 | D:4      | Noticed a +0 falchion
  4303 | D:4      | Noticed a +0 falchion
  4305 | D:4      | Noticed a +0 short sword
  4305 | D:4      | Noticed a +0 spear
  4305 | D:4      | Noticed a +0 dagger
  4557 | D:4      | Reached skill level 6 in Unarmed Combat
  5092 | D:5      | Entered Level 5 of the Dungeon
  5334 | D:4      | Slain by a scorpion

Illustrated notes

Levels and vault maps discovered:
D:1:      ncdulo_wetmaze, layout_loops_cross
D:2:      mumra_celtic_spiral_tile, layout_rooms, serial_shops,
          nicolae_shop_hallway_plus, serial_undead, serial_undead_f,
          serial_undead_f, serial_undead_b, serial_undead_c,
          chequers_serial_rivers_small_3, uniq_sigmund
D:3:      layout_basic, ebering_ecumenical_altar_ruins
D:4:      layout_basic, nicolae_uskayaw_en_pointe, xom_redecorated,
          temple_fountains, gammafunk_ghost_cemetery
D:5:      layout_basic, lemuel_tele_altar, due_unseen_surprise
Temple:   regret_index_temple_generic_petals

Skill      XL: |  1  2  3  4  5  6 |
---------------+-------------------+-----
Unarmed Combat | 3 4 5 6 |  6.1
Evocations     | 1 2 |  2.9
Fighting       | 2 |  2.1
Dodging        | 3 |  3.0
Throwing       | |  1.7

Action                   |  1- 3 |  4- 6 || total
-------------------------+-------+-------++-------
Melee: Unarmed           |   218 |   149 ||   367
       Punch             |     6 |     4 ||    10
Throw: Boomerang         |       |     4 ||     4
  Use: Potion            |     2 |     3 ||     5
       Scroll            |       |     6 ||     6
 Stab: Sleeping          |     5 |       ||     5
Armor: Leather armour    |    63 |    39 ||   102
Dodge: Dodged            |   156 |    55 ||   211
